Unix NetHack Version 3.7.0-88 Work-in-progress - last build Jul 17 2023 12:26:22 (ff3987481174382ea04ebda72e34ac83a40b9a22,branch:master). Game began 2023-07-27 19:37:33, ended 2023-07-29 13:53:58. spontiff, neutral male gnomish Healer ---- ---- --- ---- |..| |..| ---.--------------- |..| |.<#----..| |.................--- --..---- ---..|..--- ------- |.|..------------...----......-- ---- --.*..| ---.....--- |.|--- ---............| |..| |....------ ----...|.....| |.| --- --- --...........--|..| ----...--.--- |.....-|.-- .| |.| |"---.----- ---............||-.| |........| ------.....||.| -- |.| |"..^)....|--.............--|..| -------.....| --........---|*| --.-- --........--.........*....--|.-- -.............|----..----...|---.-- |...| |-".......)......"......^.|-.| | ------.----....-- ---.||....| |...| --...............*.........|..| |.|-...---- -.||....| |.--- |...).).).))...........--....-| |.|..--- .--....--- |.| --........)...................| |.|.-- |....|...| |.| |...........@..--....".--....-- ----.|.| | |....|--.| |.| |..............||.....--|.....| |......| |.|...-- |.----.--- |..............|--....| --.---- | | ----..-.--- --.....| |..|-^...| ----..........-- ---..------ |.............| |......-- --.|.....| |..........| |....| ----..........| --.--...| |.....--- |....------- |....| ----.--..--- -- --.-- ------- ---.-- ---.-- -- ---- --- --- --- Spontiff the Rhizotomist St:11 Dx:8 Co:17 In:10 Wi:15 Ch:17 Neutral S:500 Dlvl:10 $:0 HP:0(41) Pw:1(6) AC:-10 Xp:1/0 T:9213 Blind Deaf Latest messages: It misses! It misses! It misses! It misses! Wait! There's something there you can't see! It hits! It just misses! It touches you! You're on fire! It misses! It just misses! It misses! It misses! It hits! It misses! It misses! It stings! It misses! It misses! It stings! It misses. It misses! In what direction? . You feel better. It misses! It misses! You climb up the stairs. It just misses! It misses! What do you want to use or apply? [fjosxzSUWYZ or ?*] s You can't hear anything! You hit it. It hits! It touches you! You're on fire! Your lamp called oil feels warm. It grabs you! It hits! You're being roasted! What do you want to use or apply? [fjosxzSUWYZ or ?*] x Your lamp is now off. It hits! It touches you! You avoid harm. You are being crushed. It hits! You're being roasted! You die... Do you want your possessions identified? [ynq] (y) y Do you want to see the dungeon overview? [ynq] (y) y Inventory: Weapons k - an uncursed +0 scalpel (alternate weapon; not wielded) Armor h - an uncursed +0 dwarvish iron helm (being worn) g - an uncursed +1 pair of leather gloves (being worn) v - an uncursed +0 pair of high boots (being worn) q - an uncursed +2 dwarvish cloak (being worn) d - an uncursed +3 studded leather armor (being worn) Comestibles y - an uncursed apple n - an uncursed food ration Wands Y - an uncursed wand of create monster (0:15) U - an uncursed wand of opening (0:8) Z - an uncursed wand of opening (0:8) S - an uncursed wand of sleep (0:4) Tools f - a blessed bag of holding containing 25 items W - an uncursed leather drum z - an uncursed leash x - an uncursed oil lamp s - an uncursed stethoscope o - an uncursed tin whistle Gems/Stones p - an uncursed aquamarine stone E - an uncursed ruby l - an uncursed luckstone j - an uncursed touchstone Contents of the bag of holding: 301 gold pieces an uncursed +0 dart an uncursed -1 pair of fumble boots 2 uncursed food rations an uncursed scroll of blank paper a blessed scroll of create monster an uncursed scroll of enchant armor an uncursed scroll of enchant weapon 3 uncursed scrolls of light an uncursed potion of booze 2 uncursed potions of confusion an uncursed potion of fruit juice an uncursed potion of paralysis an uncursed potion of restore ability an uncursed potion of sleeping an uncursed potion of water an uncursed ring of cold resistance a cursed -2 ring of protection an uncursed ring of slow digestion a cursed ring of teleportation an uncursed wand of striking (0:6) an uncursed brass lantern an uncursed pair of lenses an uncursed greased +0 pick-axe an uncursed tinning kit (0:93) Spontiff the Healer's attributes: Background: You were a Rhizotomist, a level 1 male gnomish Healer. You were neutral, on a mission for Hermes who was opposed by Athena (lawful) and Poseidon (chaotic). You were in the Gnomish Mines, on level 10. You entered the dungeon 9213 turns ago. You had 0 experience points, 20 were needed to attain level 2. Your score was 500 before end-of-game adjustments. Basics: You had 0 out of 41 hit points. You had 1 out of 6 energy points (spell power). Your armor class was -10. Your wallet was empty, but you had 301 zorkmids stashed away in your pack. Autopickup was on for '$!/="?' plus thrown, with exceptions. Final Characteristics: Your strength was 11 (limit:18/50). Your dexterity was 8 (peak:9, limit:18). Your constitution was 17 (limit:18). Your intelligence was 10 (limit:19). Your wisdom was 15 (limit:18). Your charisma was 17 (limit:18). Final Status: You were temporarily blind. You were deaf. You were held by a salamander (northwest). You were not hungry. You were unencumbered. You were empty handed. You were unskilled in bare handed combat. Final Attributes: You were piously aligned. You were poison resistant. You had infravision. You had a moderate defense bonus (+6). You were warded. You were lucky. You had extra luck. Bad luck did not time out for you. Good luck did not time out for you. You are dead. Miscellaneous: You never encountered a bones level. Total elapsed playing time was 3 hours, 8 minutes and 30 seconds. Major events: Turn 1: spontiff the neutral male gnomish Healer entered the dungeon 2361: entered the Gnomish Mines 3749: reached Mine Town 9213: killed by a salamander Vanquished creatures: 3 watchmen 3 giant spiders 2 Uruk-hai a rock piercer a rock mole a pony a fog cloud 3 yellow lights a violet fungus 2 gnome leaders a gray ooze 4 elf zombies a ghoul 11 dwarves a rothe a rabid rat 2 centipedes 2 dwarf zombies 2 wererats a werejackal 3 iguanas 3 acid blobs 3 coyotes 2 gas spores 3 hobbits 3 manes a large kobold a hobgoblin 3 giant rats 2 cave spiders 2 brown molds 4 yellow molds 3 red molds 15 gnomes 2 garter snakes 2 gnome zombies 7 geckos 19 jackals 4 foxes a kobold 4 goblins 6 sewer rats 19 grid bugs 3 bats 13 lichens 2 kobold zombies 17 newts 191 creatures vanquished. No species were genocided or became extinct. Voluntary challenges: You never hit with a wielded weapon. You were a pacifist. You read items or engraved 4 times. You never engraved Elbereth. You never genocided any monsters. You never polymorphed an object. You never changed form. You used no wishes. Achievements: You entered the Gnomish Mines. You entered Minetown. You entered a shop. You entered a temple. The Dungeons of Doom: levels 1 to 5 Level 1: "vault somewhere" Level 2: A sink. Level 3: An altar to Hermes. Level 4: An altar to Hermes. Stairs down to The Gnomish Mines. Level 5: The Gnomish Mines: levels 5 to 11 Level 5: Level 6: Level 7: Many shops, a temple, some fountains. Level 8: "Polytrap somewhere??" Level 9: Level 10: <- You were here. Final resting place for you, killed by a salamander. Level 11: Game over: ---------- / \ / REST \ / IN \ / PEACE \ / \ | spontiff | | 301 Au | | killed by a | | salamander | | | | | | 2023 | *| * * * | * _________)/\\_//(\/(/\)/\//\/|_)_______ Goodbye spontiff the Healer... You died in The Gnomish Mines on dungeon level 10 with 500 points, and 301 pieces of gold, after 9213 moves. You were level 1 with a maximum of 41 hit points when you died.